 Dungeon Crawl Stone Soup version 0.19-a0-503-g45a6586 (webtiles) character file.

149 tyrsky the Ruffian (level 5, -6/50 HPs)
             Began as a Troll Abyssal Knight on June 5, 2016.
             Was a Believer of Lugonu.
             Mangled by an orc warrior
             ... wielding a +0 halberd
              (17 damage)
             ... on level 6 of the Dungeon.
             The game lasted 00:05:59 (1875 turns).

tyrsky the Ruffian (Troll Abyssal Knight)           Turns: 1875, Time: 00:06:00

Health: -6/50      AC:  7    Str: 21    XL:     5   Next: 9%
Magic:  5/6        EV: 10    Int:  8    God:    Lugonu [**....]
Gold:   221        SH:  0    Dex:  9    Spells: 0 memorised, 4 levels left

rFire  . . .     SeeInvis .       - Unarmed
rCold  . . .     Gourm    +     h - +0 robe (curse)
rNeg   . . .     Faith    .     (no shield)
rPois  .         Spirit   .     (helmet restricted)
rElec  .         Dismiss  .     m - +1 cloak {+Inv}
rCorr  .         Reflect  .     (gloves unavailable)
SustAt .         Harm     .     (boots unavailable)
MR     .....                    (no amulet)
Stlth  +.........               (no ring)
                                o - ring of wizardry

@: not resistant to hostile enchantments, very unstealthy
A: unfitting armour, claws 3, fast metabolism 3, gourmand, regeneration 2,
shaggy fur 1, tough skin 2
a: Depart the Abyss, Bend Space, Renounce Religion, Evoke Invisibility


You were on level 6 of the Dungeon.
You worshipped Lugonu.
Lugonu was pleased with you.
You were very hungry.

You visited 1 branch of the dungeon, and saw 6 of its levels.
You visited the Abyss 1 time.

You collected 221 gold pieces.

Inventory:

Armour
 a - a +1 robe
 h - a cursed +0 robe (worn)
 m - a +1 cloak of invisibility (worn)
Jewellery
 j - an uncursed ring of ice {unknown}
 o - a ring of wizardry (left claw)
 q - an uncursed amulet of faith {unknown}
Wands
 v - a wand of digging (8/24)
Scrolls
 d - a scroll of fog
 e - a scroll of fear {unknown}
 f - a scroll of immolation {unknown}
 g - 2 scrolls of teleportation
 l - a scroll of identify {@*1}
Potions
 c - 2 potions of magic
 i - a potion of haste
 k - a potion of mutation
 n - 2 potions of curing
 p - a potion of cancellation {unknown}
 s - 2 potions of flight {unknown}
 t - 2 potions of heal wounds
 u - a potion of berserk rage {unknown}
Comestibles
 b - 3 bread rations
 r - a meat ration


   Skills:
 - Level 2.4 Fighting
 + Level 3.0 Dodging
 + Level 3.3 Unarmed Combat
 + Level 3.0 Invocations


You had 4 spell levels left.
You didn't know any spells.

Dungeon Overview and Level Annotations

Branches:
Dungeon (6/15)
 Temple: D:4-7

Altars:
Fedhas
Nemelex Xobeh
Qazlal
Uskayaw
Vehumet

Shops:
D:6 :

Annotations:
D:4 Sigmund


Innate Abilities, Weirdness & Mutations

You are too large for most types of armour.
You have claws for hands.
Your metabolism is lightning-fast.
You like to eat raw meat.
You heal very quickly.
You are covered in fur. (AC +1)
You have very tough skin. (AC +2)


Message History

The orc warrior is moderately wounded.
The orc warrior closely misses you.
You closely miss the orc warrior.
The orc warrior is moderately wounded.
You closely miss the orc warrior.
The orc warrior is moderately wounded.
The orc warrior hits you with a halberd.
You are too injured to fight recklessly!
You are too injured to fight recklessly!
You are too injured to fight recklessly!
You are too injured to fight recklessly!
Space bends around you!
You blink.
The orc warrior hits you with a halberd!
You barely miss the orc warrior.
The orc warrior is moderately wounded.
The orc warrior hits you with a halberd!
* * * LOW HITPOINT WARNING * * *
The orc warrior completely misses you.
The orc warrior hits you from afar with a halberd!
You die...

##+#######..##...#......#
#####..##...#......#
+......##...#......#####
#......####+#######....#
#.......##### ### #....#
#......##...#...# #....#
#####..#..#..#..# #....#
##+.#.o#..# ######
+..#T#..# #..##..## #..
#### #.. #.. #.. #..


You could see an orc warrior.

Vanquished Creatures
  A crimson imp (D:6)
  Crazy Yiuf (D:2)
  A gnoll (D:3)
  2 oozes
  A worm (D:4)
  A dart slug (D:1)
  5 giant geckos
  2 ball pythons
  2 giant cockroaches
  10 goblins
  8 hobgoblins
  2 quokkas
  10 bats
  3 giant newts
  4 kobolds
  A quokka skeleton (D:5)
  6 rats
60 creatures vanquished.

Vanquished Creatures (others)
  A worker ant (D:4)
1 creature vanquished.

Grand Total: 61 creatures vanquished

Notes
Turn   | Place    | Note
--------------------------------------------------------------
     0 | Abyss:1  | tyrsky the Troll Abyssal Knight began the quest for the Orb.
     0 | Abyss:1  | Reached XP level 1. HP: 22/22 MP: 1/1
    53 | Abyss:1  | Noticed a rust devil
    57 | D:1      | Escaped the Abyss
   198 | D:1      | Reached * piety under Lugonu
   222 | D:1      | Reached XP level 2. HP: 29/29 MP: 2/2
   477 | D:1      | Reached XP level 3. HP: 36/36 MP: 3/3
   618 | D:2      | Found a stormy altar of Qazlal.
   702 | D:2      | Noticed Crazy Yiuf
   707 | D:2      | Killed Crazy Yiuf
   707 | D:2      | Reached ** piety under Lugonu
   707 | D:2      | Reached XP level 4. HP: 34/44 MP: 4/4
  1043 | D:3      | Found a sparkling altar of Nemelex Xobeh.
  1344 | D:4      | Found a radiant altar of Vehumet.
  1423 | D:4      | Noticed Sigmund
  1444 | D:5      | Entered Level 5 of the Dungeon
  1557 | D:5      | Found a hide-covered altar of Uskayaw.
  1679 | D:5      | Found a blossoming altar of Fedhas.
  1799 | D:6      | Found Sass's Book Shoppe.
  1810 | D:6      | Reached XP level 5. HP: 50/50 MP: 6/6
  1866 | D:6      | Noticed an orc warrior
  1875 | D:6      | Mangled by an orc warrior

Vault maps used:
D:1:      minmay_arrival_open_corners
D:2:      lemuel_crystal_altar, first_bread, uniq_crazy_yiuf_cottage
D:3:      lemuel_coloured_pillars_altar, overflow_temple_1_default,
          kennysheep_flooded_box, minmay_misc_feat_secret_circle
D:4:      fiery_altar_vehumet, minmay_misc_feat_square,
          hangedman_abyss_or_decor_lesser_grid, uniq_sigmund
D:5:      lemuel_round_altar, lemuel_crystal_altar
D:6:      cheibriados_altar_wand_db, marbit_many_paths,
          minmay_temple_entry_overgrown, serial_shops, shop, shop, shop,
          wad_floor_pattern_untrapped
Abyss:1:  hangedman_abyss_or_decor_clamps

Skill      XL: |  1  2  3  4 |
---------------+-------------+-----
Dodging        | 2 3 |  3.0
Invocations    | 2 3 |  3.0
Unarmed Combat | 3 |  3.3
Fighting       | |  2.4

Action                   |  1- 3 |  4- 6 || total
-------------------------+-------+-------++-------
Melee: Unarmed           |    68 |    86 ||   154
       Punch             |       |     1 ||     1
Invok: Depart the Abyss  |     1 |       ||     1
       Bend Space        |       |     2 ||     2
  Use: Scroll            |       |    11 ||    11
 Stab: Sleeping          |     1 |       ||     1
  Eat: Chunk             |     2 |     5 ||     7
       Bread ration      |       |     1 ||     1
       Beef jerky        |       |     1 ||     1
Armor: Robe              |    22 |    30 ||    52
Dodge: Dodged            |    46 |    45 ||    91
